 Dungeon Crawl Stone Soup version 0.23.2-1-ga50397a6bc (webtiles) character file.

Game seed: 5283373010692504386

98 Marnok the Covered (level 5, 0/41 HPs)
             Began as a Human Fighter on Apr 20, 2019.
             Succumbed to an adder's poison
             ... on level 3 of the Dungeon.
             The game lasted 00:06:24 (2687 turns).

Marnok the Covered (Human Fighter)                  Turns: 2687, Time: 00:06:24

Health: 0/41       AC:  6    Str: 17    XL:     5   Next: 1%
Magic:  5/5        EV:  7    Int: 13    God:
Gold:   133        SH:  9    Dex: 13    Spells: 4/4 levels left

rFire    + . .     SeeInvis .   a - +0 trident
rCold    . . .     Gourm    .   c - +0 shield
rNeg     . . .     Faith    .   b - +0 scale mail
rPois    .         Spirit   .   (no helmet)
rElec    .         Reflect  .   (no cloak)
rCorr    .         Harm     .   (no gloves)
MR       .....                  (no boots)
Stlth    ..........             d - amulet of inaccuracy (curse)
HPRegen  0.13/turn              e - ring of protection from fire
MPRegen  0.09/turn              (no ring)

@: brilliant, lethally poisoned (0 -> -8)
A: no striking features
a: no special abilities


You were on level 3 of the Dungeon.
You were not hungry.

You visited 1 branch of the dungeon, and saw 3 of its levels.

You collected 133 gold pieces.

Inventory:

Hand Weapons
 a - a +0 trident (weapon)
Armour
 b - a +0 scale mail (worn)
 c - a +0 shield (worn)
Jewellery
 d - a cursed amulet of inaccuracy (around neck)
 e - a ring of protection from fire (left hand)
Scrolls
 i - 2 scrolls of noise
 k - a scroll of teleportation
Comestibles
 f - 4 rations


   Skills:
 + Level 3.3 Fighting
 + Level 3.2 Polearms
 + Level 3.6 Armour
 + Level 0.6 Dodging
 + Level 0.7 Stealth
 + Level 3.4 Shields


You had 4 spell levels left.
You didn't know any spells.
Your spell library was empty.

Dungeon Overview and Level Annotations

Branches:
Dungeon (3/15)

Altars:
Fedhas
Gozag
Sif Muna
Uskayaw
Zin

Shops:
D:2 *


Message History

* * * LOW HITPOINT WARNING * * *
You feel sick.
You eat one of the 5 rations.
That ration really hit the spot!
* * * LOW HITPOINT WARNING * * *
You feel sick.
* * * LOW HITPOINT WARNING * * *
You feel sick.
You feel clever all of a sudden.
* * * LOW HITPOINT WARNING * * *
You feel sick.
As you read the scroll of teleportation, it crumbles to dust.
You feel strangely unstable.
* * * LOW HITPOINT WARNING * * *
You feel sick.
* * * LOW HITPOINT WARNING * * *
You feel sick.
* * * LOW HITPOINT WARNING * * *
You feel sick.
Your surroundings suddenly seem different.
You die...

.....# #.....#
.....# #.....#
.....#####.....###
.....'...'.......#
†....#####...^.#.#
..#### #.'.....#.#
#.# #.#.....#.#
#.######.#.....#.#
..............>.@#
#..#####)..#######
#..........######
##.####.........##
#..# #....####..#
##.###...##_###.#
#...†...##...##.#
#.#.##..#8...8#.#
#.#..#####...##.#


There were no monsters in sight!

Vanquished Creatures
  3 adders
  An ooze (D:1)
  A worm (D:3)
  4 dart slugs (D:1)
  A leopard gecko (D:2)
  A ball python (D:1)
  8 bats
  6 giant cockroaches
  5 goblins
  5 hobgoblins
  3 jackals (D:2)
  A quokka (D:2)
  5 frilled lizards
  9 kobolds
  5 rats
58 creatures vanquished.

Notes
Turn   | Place    | Note
-------+----------+-------------------------------------------
     0 | D:1      | Marnok the Human Fighter began the quest for the Orb.
     0 | D:1      | Reached XP level 1. HP: 18/18 MP: 1/1
   223 | D:1      | Reached XP level 2. HP: 24/24 MP: 2/2
   390 | D:1      | Reached XP level 3. HP: 15/29 MP: 3/3
  1545 | D:2      | Reached XP level 4. HP: 34/35 MP: 4/4
  1781 | D:2      | Found Gozag's Platinum Reserve.
  1785 | D:2      | Found an opulent altar of Gozag.
  2279 | D:3      | Found a hide-covered altar of Uskayaw.
  2540 | D:3      | Found a glowing silver altar of Zin.
  2588 | D:3      | Reached XP level 5. HP: 30/41 MP: 5/5
  2607 | D:3      | Found a blossoming altar of Fedhas.
  2607 | D:3      | Found a deep blue altar of Sif Muna.
  2684 | D:3      | HP: 2/41 [poisoned by an adder]
  2687 | D:3      | Succumbed to an adder's poison

Skill      XL: |  1  2  3  4 |
---------------+-------------+-----
Polearms       | 3 |  3.2
Fighting       | |  3.3
Armour         | |  3.6
Dodging        | |  0.6
Stealth        | |  0.7
Shields        | |  3.4

Action                   |  1- 3 |  4- 6 || total
-------------------------+-------+-------++-------
Melee: Trident           |   115 |   123 ||   238
  Use: Potion            |       |     6 ||     6
       Scroll            |       |     6 ||     6
  Eat: Chunk             |     2 |     3 ||     5
       Ration            |       |     1 ||     1
Armor: Scale mail        |    65 |    75 ||   140
Dodge: Dodged            |    37 |    62 ||    99
Block: Shield            |    70 |    83 ||   153
